AoeStats
← MarXthedruid

Arabia

510519848Analyzed
1v1 RM · 9h ago on Oct 1, 2026· 42m 52s· 2 players
Game mode
Random Map
Map size
Tiny (2 player)
Population
200
Speed
Normal
Resources
Standard
Victory
Conquest
Starting age
Dark Age
Ending age
Imperial Age
RankedLock teamsTeams togetherTeam positionsShared explorationLock speedFull tech treeHidden civsTurbo modeCheats
Victory
Defeat
🇩🇪 Magyars · Germany
1168
+13
🇬🇧 Malians · United Kingdom
1112
-13
MarXthedruid
7:06 Loom
9:47 Feudal Age
17:20 Double-Bit Axe
17:55 Man-at-Arms
23:29 Castle Age
21:24 Horse Collar
22:11 Fletching
22:33 Forging
23:44 Scale Mail Armor
23:45 Padded Archer Armor
23:36 Fletching
24:13 Elite Skirmisher
26:18 Bow Saw
26:18 Gold Mining
28:24 Squires
27:45 Long Swordsman
32:22 Wheelbarrow
32:46 Leather Archer Armor
34:46 Bodkin Arrow
37:45 Ballistics
38:31 Thumb Ring
schniggo
7:20 Loom
9:43 Feudal Age
13:15 Gold Mining
14:03 Double-Bit Axe
16:30 Fletching
16:49 Horse Collar
23:15 Castle Age
21:46 Padded Archer Armor
21:59 Bloodlines
22:59 Stone Mining
24:05 Thumb Ring
24:08 Bodkin Arrow
24:29 Leather Archer Armor
24:29 Bow Saw
24:49 Crossbowman
26:38 Scale Barding Armor
29:38 Wheelbarrow
31:24 Gold Shaft Mining
33:15 Chain Barding Armor
33:56 Ballistics
34:53 Heavy Plow
37:04 Husbandry
41:53 Imperial Age
41:57 Cavalier
43:19 Plate Barding Armor
42:46 Bracer
43:29 Ring Archer Armor
43:36 Parthian Tactics
43:42 Conscription
Connection lost

Rejoining the realm…

Still unreachable

The connection could not be restored.

Session expired

The server has moved on; the page needs a fresh start.